[ AOE2 MATCH · #460898237 ]
UnrankedTeutons vs Mongols
[ REPLAY ANALYSIS · EXTRACTED FROM THE RECORDED GAME ]
Feudal
10:56
Castle
14:54
Imperial
30:55
| APM avg | 68.5 |
| APM peak | 137 |
| eAPM avg | 52.9 |
| Villagers / military | 159 / 639 |
Focus
⚔️ 42.5% · 🌾 57.5%
Militia ×224 · Spearman ×138 · Knight ×124 · Skirmisher ×53 · Scout Cavalry ×51 · Teutonic Knight ×31
Feudal
10:06
Castle
13:43
Imperial
29:39
| APM avg | 29.9 |
| APM peak | 60 |
| eAPM avg | 20.1 |
| Villagers / military | 172 / 247 |
Focus
⚔️ 44.6% · 🌾 55.4%
Mangudai ×112 · Scout Cavalry ×93 · Battering Ram ×41 · Trebuchet (Packed) ×1
Feudal
10:14
Castle
14:01
Imperial
30:21
| APM avg | 62.8 |
| APM peak | 107 |
| eAPM avg | 37.5 |
| Villagers / military | 195 / 454 |
Focus
⚔️ 39.4% · 🌾 60.6%
Scorpion ×389 · Battering Ram ×56 · Trade Cart ×18 · Trebuchet (Packed) ×7 · Unknown (1105) ×2 · Monk ×1
Feudal
10:16
Castle
14:05
Imperial
42:20
| APM avg | 31.8 |
| APM peak | 59 |
| eAPM avg | 24.2 |
| Villagers / military | 222 / 296 |
Focus
⚔️ 41.1% · 🌾 58.9%
Spearman ×144 · Hand Cannoneer ×90 · Scout Cavalry ×51 · Unknown (882) ×7 · Genoese Crossbowman ×7 · Trebuchet (Packed) ×3
Feudal
11:35
Castle
15:05
Imperial
32:22
| APM avg | 48.7 |
| APM peak | 119 |
| eAPM avg | 25.0 |
| Villagers / military | 175 / 500 |
Focus
⚔️ 41.4% · 🌾 58.6%
Scout Cavalry ×265 · Camel Scout ×210 · Trade Cart ×44 · Hand Cannoneer ×25
Feudal
10:06
Castle
13:40
Imperial
28:55
| APM avg | 37.1 |
| APM peak | 73 |
| eAPM avg | 24.2 |
| Villagers / military | 222 / 727 |
Focus
⚔️ 46.6% · 🌾 53.4%
Spearman ×405 · Skirmisher ×153 · Unknown (882) ×150 · Hand Cannoneer ×101 · Gbeto ×27 · Militia ×15
Feudal
10:59
Castle
14:47
Imperial
34:52
| APM avg | 42.4 |
| APM peak | 75 |
| eAPM avg | 23.4 |
| Villagers / military | 272 / 298 |
Focus
⚔️ 32.5% · 🌾 67.5%
Fire Lancer ×121 · Skirmisher ×94 · Archer ×35 · War Wagon ×24 · Battering Ram ×18 · Iron Pagoda ×3
Feudal
10:56
Castle
13:37
Imperial
38:52
| APM avg | 28.3 |
| APM peak | 68 |
| eAPM avg | 18.4 |
| Villagers / military | 169 / 468 |
Focus
⚔️ 32.0% · 🌾 68.0%
Scout Cavalry ×305 · Scorpion ×163
Match map
Initial resources + every placement click. Lines = walls · curves = elevation contours. ◆ gold · ⬟ stone · ● berries · ✦ relic · ◌ wall gap
Your base· Open — unwalled flank
livulove's base· Open — unwalled flank
Donnie Darko's base· Open — unwalled flank
Ramci's base· Open — unwalled flank
Diegoxyz's base· Open — unwalled flank
DaTuRa's base· Open — unwalled flank
Kokin95's base· Open — unwalled flank
BLACK EAGLE's base· Open — unwalled flank
Smoothed initial terrain · ◌ = detected wall gap · hover for details
Inputs per minute
— ElwasonBB - - livulove
Build order — ElwasonBB
First 150 of 1099 actions detected
| 0:00 | Create | Villager (Male) |
| 0:01 | Create | Villager (Male) |
| 0:01 | Create | Villager (Male) |
| 0:01 | Create | Villager (Male) |
| 0:02 | Create | Villager (Male) |
| 0:02 | Create | Villager (Male) |
| 0:03 | Build | House |
| 0:05 | Build | House |
| 1:25 | Create | Villager (Male) |
| 1:25 | Create | Villager (Male) |
| 1:52 | Build | Lumber Camp |
| 2:01 | Create | Villager (Male) |
| 2:01 | Create | Villager (Male) |
| 2:02 | Create | Villager (Male) |
| 2:23 | Create | Villager (Male) |
| 2:23 | Create | Villager (Male) |
| 2:53 | Create | Villager (Male) |
| 2:53 | Create | Villager (Male) |
| 2:54 | Create | Villager (Male) |
| 3:17 | Create | Villager (Male) |
| 3:22 | Build | House |
| 3:26 | Build | House |
| 4:02 | Create | Villager (Male) |
| 4:03 | Create | Villager (Male) |
| 4:03 | Create | Villager (Male) |
| 4:04 | Create | Villager (Male) |
| 4:25 | Create | Villager (Male) |
| 4:40 | Create | Villager (Male) |
| 4:40 | Create | Villager (Male) |
| 4:59 | Build | Mill |
| 5:41 | Create | Villager (Male) |
| 5:53 | Create | Villager (Male) |
| 6:12 | Create | Villager (Male) |
| 6:42 | Create | Villager (Male) |
| 6:51 | Create | Villager (Male) |
| 7:11 | Build | Farm |
| 7:36 | Build | Mining Camp |
| 7:38 | Build | House |
| 7:52 | Create | Villager (Male) |
| 8:06 | Create | Villager (Male) |
| 8:35 | Build | Mining Camp |
| 8:40 | Research | Feudal Age |
| 8:40 | Research | Feudal Age |
| 9:30 | Create | Villager (Male) |
| 9:30 | Create | Villager (Male) |
| 10:45 | Build | Farm |
| 10:56 | Age | Feudal Age |
| 11:15 | Build | Market |
| 11:18 | Build | Blacksmith |
| 12:14 | Research | Castle Age |
| 12:14 | Research | Castle Age |
| 12:46 | Research | Horse Collar |
| 12:46 | Research | Horse Collar |
| 13:00 | Build | House |
| 13:05 | Build | Farm |
| 13:06 | Build | Farm |
| 13:11 | Build | Farm |
| 13:14 | Build | Farm |
| 13:35 | Build | Farm |
| 14:04 | Build | Farm |
| 14:05 | Research | Double-Bit Axe |
| 14:05 | Research | Double-Bit Axe |
| 14:05 | Research | Double-Bit Axe |
| 14:24 | Build | Lumber Camp |
| 14:30 | Create | Villager (Male) |
| 14:54 | Age | Castle Age |
| 15:04 | Build | Monastery |
| 15:09 | Build | Castle |
| 15:15 | Research | Bow Saw |
| 15:16 | Research | Bow Saw |
| 15:16 | Research | Bow Saw |
| 15:28 | Create | Villager (Male) |
| 15:36 | Research | Heavy Plow |
| 15:37 | Research | Heavy Plow |
| 15:41 | Create | Villager (Male) |
| 15:54 | Create | Villager (Male) |
| 16:02 | Build | Farm |
| 16:19 | Create | Villager (Male) |
| 16:22 | Build | Farm |
| 16:26 | Build | Farm |
| 16:38 | Build | Farm |
| 16:40 | Build | Farm |
| 16:46 | Build | Farm |
| 16:49 | Create | Teutonic Knight |
| 16:49 | Create | Teutonic Knight |
| 16:54 | Create | Monk |
| 17:03 | Create | Teutonic Knight |
| 17:03 | Create | Teutonic Knight |
| 17:12 | Build | Farm |
| 17:14 | Build | Farm |
| 17:17 | Build | Farm |
| 17:20 | Build | Farm |
| 17:20 | Create | Villager (Male) |
| 17:36 | Create | Teutonic Knight |
| 17:36 | Create | Teutonic Knight |
| 17:47 | Build | Farm |
| 17:55 | Create | Teutonic Knight |
| 17:55 | Create | Teutonic Knight |
| 18:03 | Build | Farm |
| 18:04 | Build | Farm |
| 18:06 | Create | Villager (Male) |
| 18:15 | Create | Teutonic Knight |
| 18:16 | Create | Teutonic Knight |
| 18:31 | Create | Teutonic Knight |
| 18:31 | Create | Teutonic Knight |
| 18:33 | Create | Villager (Male) |
| 18:36 | Create | Villager (Male) |
| 18:43 | Create | Villager (Male) |
| 18:47 | Create | Villager (Male) |
| 18:48 | Create | Teutonic Knight |
| 18:48 | Create | Teutonic Knight |
| 19:04 | Create | Teutonic Knight |
| 19:04 | Create | Teutonic Knight |
| 19:05 | Create | Teutonic Knight |
| 19:20 | Create | Teutonic Knight |
| 19:21 | Create | Teutonic Knight |
| 19:32 | Create | Villager (Male) |
| 19:40 | Build | Town Center |
| 19:41 | Create | Teutonic Knight |
| 19:48 | Create | Teutonic Knight |
| 19:49 | Create | Teutonic Knight |
| 20:02 | Create | Teutonic Knight |
| 20:02 | Create | Teutonic Knight |
| 20:09 | Create | Villager (Male) |
| 20:09 | Create | Villager (Male) |
| 20:23 | Create | Monk |
| 20:23 | Create | Monk |
| 20:33 | Create | Villager (Male) |
| 20:49 | Create | Villager (Male) |
| 20:52 | Build | House |
| 20:55 | Build | House |
| 20:57 | Build | House |
| 20:59 | Create | Villager (Male) |
| 21:14 | Research | Scale Mail Armor |
| 21:15 | Research | Forging |
| 21:27 | Create | Teutonic Knight |
| 21:39 | Create | Villager (Male) |
| 21:40 | Create | Villager (Male) |
| 21:40 | Create | Villager (Male) |
| 21:41 | Create | Villager (Male) |
| 21:45 | Build | Farm |
| 21:54 | Create | Teutonic Knight |
| 21:55 | Create | Teutonic Knight |
| 22:12 | Create | Villager (Male) |
| 22:12 | Create | Villager (Male) |
| 22:12 | Create | Villager (Male) |
| 22:13 | Create | Villager (Male) |
| 22:26 | Build | Town Center |
| 22:32 | Create | Teutonic Knight |
| 22:50 | Create | Villager (Male) |
Build order — livulove
First 150 of 567 actions detected
| 0:01 | Create | Villager (Male) ×4 |
| 0:03 | Build | House |
| 0:07 | Build | House |
| 1:30 | Create | Villager (Male) |
| 1:30 | Create | Villager (Male) |
| 1:46 | Create | Villager (Male) |
| 1:47 | Create | Villager (Male) |
| 1:50 | Build | Lumber Camp |
| 2:19 | Create | Villager (Male) |
| 2:19 | Create | Villager (Male) |
| 2:20 | Create | Villager (Male) |
| 2:30 | Create | Villager (Male) |
| 2:30 | Create | Villager (Male) |
| 3:03 | Create | Villager (Male) |
| 3:03 | Create | Villager (Male) |
| 3:24 | Build | House |
| 3:31 | Create | Villager (Male) |
| 3:32 | Create | Villager (Male) |
| 3:32 | Create | Villager (Male) |
| 3:37 | Build | House |
| 3:59 | Create | Villager (Male) |
| 3:59 | Create | Villager (Male) |
| 4:27 | Build | Mill |
| 4:35 | Create | Villager (Male) |
| 4:36 | Create | Villager (Male) |
| 5:05 | Create | Villager (Male) |
| 5:06 | Create | Villager (Male) |
| 5:06 | Create | Villager (Male) |
| 5:21 | Create | Villager (Male) |
| 5:22 | Create | Villager (Male) |
| 5:35 | Create | Villager (Male) |
| 5:35 | Create | Villager (Male) |
| 5:35 | Create | Villager (Male) |
| 5:45 | Create | Villager (Male) |
| 5:45 | Create | Villager (Male) |
| 5:52 | Create | Villager (Male) |
| 5:53 | Create | Villager (Male) |
| 6:27 | Create | Villager (Male) |
| 6:50 | Build | Farm |
| 7:08 | Build | Farm |
| 7:51 | Research | Feudal Age |
| 8:12 | Build | Mining Camp |
| 8:50 | Create | Villager (Male) |
| 8:50 | Create | Villager (Male) |
| 10:06 | Age | Feudal Age |
| 10:10 | Build | Blacksmith |
| 10:12 | Build | Market |
| 10:27 | Research | Double-Bit Axe |
| 11:03 | Research | Castle Age |
| 11:03 | Research | Castle Age |
| 11:19 | Research | Horse Collar |
| 12:10 | Build | House |
| 13:40 | Create | Villager (Male) |
| 13:43 | Age | Castle Age |
| 13:46 | Build | Town Center |
| 13:47 | Create | Villager (Male) |
| 13:50 | Build | Town Center |
| 13:58 | Build | Town Center |
| 14:00 | Research | Bow Saw |
| 14:11 | Build | Farm |
| 14:18 | Create | Villager (Male) |
| 14:36 | Build | Farm |
| 14:38 | Build | Farm |
| 14:45 | Create | Villager (Male) |
| 15:01 | Build | Farm |
| 15:12 | Create | Villager (Male) |
| 15:24 | Create | Villager (Male) |
| 15:26 | Build | Farm |
| 15:27 | Create | Villager (Male) |
| 15:29 | Build | Farm |
| 15:37 | Build | Farm |
| 15:39 | Create | Villager (Male) |
| 15:42 | Build | Farm |
| 15:52 | Build | Farm |
| 15:54 | Create | Villager (Male) |
| 16:04 | Build | Farm |
| 16:12 | Build | House |
| 16:18 | Build | Palisade Wall |
| 16:22 | Create | Villager (Male) |
| 16:23 | Create | Villager (Male) |
| 16:33 | Build | Farm |
| 16:43 | Create | Villager (Male) |
| 16:44 | Create | Villager (Male) |
| 16:47 | Build | Farm |
| 16:50 | Build | Farm |
| 16:55 | Build | Farm |
| 17:01 | Build | Farm |
| 17:03 | Create | Villager (Male) |
| 17:10 | Build | Farm |
| 17:12 | Create | Villager (Male) |
| 17:18 | Create | Villager (Male) |
| 17:22 | Build | Farm |
| 17:26 | Build | Farm |
| 17:33 | Create | Villager (Male) |
| 17:35 | Create | Villager (Male) |
| 17:38 | Build | Farm |
| 17:43 | Create | Villager (Male) |
| 17:45 | Create | Villager (Male) |
| 17:48 | Build | Farm |
| 17:53 | Build | House |
| 17:57 | Create | Villager (Male) |
| 18:01 | Build | Farm |
| 18:04 | Create | Villager (Male) |
| 18:04 | Create | Villager (Male) |
| 18:10 | Create | Villager (Male) |
| 18:16 | Create | Villager (Male) |
| 18:21 | Build | Farm |
| 18:24 | Build | House |
| 18:27 | Build | Farm |
| 18:28 | Create | Villager (Male) |
| 18:34 | Build | Farm |
| 18:38 | Build | Farm |
| 18:39 | Create | Villager (Male) |
| 18:41 | Create | Villager (Male) |
| 18:47 | Build | Farm |
| 18:54 | Create | Villager (Male) |
| 18:56 | Create | Villager (Male) |
| 18:59 | Build | House |
| 19:02 | Create | Villager (Male) |
| 19:04 | Create | Villager (Male) |
| 19:07 | Build | Farm |
| 19:10 | Build | Farm |
| 19:19 | Create | Villager (Male) |
| 19:21 | Create | Villager (Male) |
| 19:28 | Create | Villager (Male) |
| 19:30 | Create | Villager (Male) |
| 19:32 | Build | Farm |
| 19:39 | Build | House |
| 19:41 | Build | House |
| 19:48 | Build | House |
| 19:51 | Build | House |
| 19:59 | Create | Villager (Male) |
| 19:59 | Create | Villager (Male) |
| 20:00 | Create | Villager (Male) |
| 20:01 | Create | Villager (Male) |
| 20:10 | Create | Villager (Male) |
| 20:11 | Create | Villager (Male) |
| 20:13 | Create | Villager (Male) |
| 20:17 | Build | House |
| 20:24 | Build | University |
| 20:26 | Create | Villager (Male) |
| 20:27 | Create | Villager (Male) |
| 20:31 | Build | Farm |
| 20:33 | Research | Heavy Plow |
| 20:35 | Create | Villager (Male) |
| 20:51 | Create | Villager (Male) |
| 20:59 | Create | Villager (Male) |
| 21:00 | Create | Villager (Male) |
| 21:08 | Create | Villager (Male) |
| 21:09 | Create | Villager (Male) |
Build order — Donnie Darko
First 150 of 700 actions detected
| 0:01 | Create | Villager (Male) |
| 0:02 | Build | House |
| 0:03 | Build | House |
| 0:06 | Create | Villager (Male) |
| 0:15 | Create | Villager (Male) |
| 0:19 | Create | Villager (Male) |
| 1:12 | Create | Villager (Male) |
| 1:12 | Create | Villager (Male) |
| 1:41 | Create | Villager (Male) |
| 1:52 | Build | Lumber Camp |
| 2:12 | Create | Villager (Male) |
| 2:37 | Create | Villager (Male) |
| 3:16 | Create | Villager (Male) |
| 3:42 | Create | Villager (Male) |
| 3:55 | Build | House |
| 4:01 | Create | Villager (Male) |
| 4:19 | Build | Mill |
| 4:30 | Create | Villager (Male) |
| 4:33 | Build | House |
| 5:00 | Create | Villager (Male) |
| 5:24 | Create | Villager (Male) |
| 5:43 | Create | Villager (Male) |
| 6:13 | Create | Villager (Male) |
| 6:20 | Build | Farm |
| 6:30 | Create | Villager (Male) |
| 7:08 | Create | Villager (Male) |
| 7:17 | Build | Palisade Wall |
| 7:18 | Build | Palisade Wall |
| 7:23 | Build | Palisade Wall |
| 7:23 | Build | Palisade Wall |
| 7:37 | Create | Villager (Male) |
| 8:04 | Research | Feudal Age |
| 8:04 | Research | Feudal Age |
| 9:26 | Create | Villager (Male) |
| 9:26 | Create | Villager (Male) |
| 10:14 | Age | Feudal Age |
| 10:16 | Build | Market |
| 10:18 | Build | Blacksmith |
| 11:21 | Research | Castle Age |
| 11:21 | Research | Castle Age |
| 11:21 | Research | Castle Age |
| 11:26 | Build | Mining Camp |
| 12:03 | Build | House |
| 12:09 | Research | Double-Bit Axe |
| 12:10 | Research | Double-Bit Axe |
| 12:10 | Research | Horse Collar |
| 12:10 | Research | Horse Collar |
| 12:11 | Research | Horse Collar |
| 12:30 | Create | Villager (Male) |
| 12:39 | Research | Horse Collar |
| 12:43 | Build | Farm |
| 12:45 | Build | Farm |
| 14:01 | Age | Castle Age |
| 14:06 | Build | Town Center |
| 14:13 | Build | Siege Workshop |
| 14:16 | Research | Bow Saw |
| 14:18 | Create | Villager (Male) |
| 14:35 | Build | House |
| 14:44 | Create | Scorpion |
| 14:48 | Create | Villager (Male) |
| 14:54 | Build | Farm |
| 14:59 | Build | Farm |
| 15:02 | Create | Villager (Male) |
| 15:23 | Create | Villager (Male) |
| 15:27 | Build | Farm |
| 15:37 | Create | Unit 1105 |
| 15:37 | Create | Unit 1105 |
| 15:39 | Create | Villager (Male) |
| 15:42 | Create | Villager (Male) |
| 15:45 | Build | Farm |
| 15:50 | Create | Villager (Male) |
| 15:55 | Build | Farm |
| 16:02 | Build | Farm |
| 16:05 | Create | Villager (Male) |
| 16:09 | Build | Farm |
| 16:11 | Create | Villager (Male) |
| 16:18 | Build | Farm |
| 16:41 | Create | Battering Ram |
| 16:41 | Create | Battering Ram |
| 16:47 | Create | Villager (Male) |
| 16:52 | Build | Farm |
| 17:07 | Create | Villager (Male) |
| 17:15 | Create | Battering Ram |
| 17:23 | Create | Villager (Male) |
| 17:26 | Build | Farm |
| 17:40 | Create | Villager (Male) |
| 17:43 | Build | House |
| 17:49 | Research | Loom |
| 17:53 | Create | Scorpion |
| 17:58 | Build | House |
| 18:02 | Create | Villager (Male) |
| 18:05 | Build | Farm |
| 18:06 | Build | Farm |
| 18:18 | Create | Villager (Male) |
| 18:19 | Build | Farm |
| 18:29 | Create | Villager (Male) |
| 18:35 | Create | Villager (Male) |
| 18:40 | Create | Battering Ram |
| 18:47 | Build | House |
| 18:48 | Build | House |
| 18:50 | Build | House |
| 18:55 | Create | Villager (Male) |
| 19:12 | Create | Villager (Male) |
| 19:24 | Build | Farm |
| 19:30 | Create | Villager (Male) |
| 19:33 | Build | Farm |
| 19:33 | Build | Farm |
| 19:34 | Create | Battering Ram |
| 19:40 | Create | Villager (Male) |
| 19:50 | Create | Villager (Male) |
| 19:52 | Build | Farm |
| 19:53 | Build | Farm |
| 19:54 | Create | Villager (Male) |
| 20:14 | Create | Villager (Male) |
| 20:23 | Create | Villager (Male) |
| 20:32 | Create | Scorpion |
| 20:47 | Create | Villager (Male) |
| 21:00 | Create | Villager (Male) |
| 21:07 | Build | Town Center |
| 21:22 | Create | Villager (Male) |
| 21:24 | Build | House |
| 21:24 | Build | House |
| 21:25 | Create | Villager (Male) |
| 21:28 | Build | Farm |
| 21:31 | Create | Villager (Male) |
| 21:42 | Create | Villager (Male) |
| 21:47 | Build | Monastery |
| 21:50 | Create | Villager (Male) |
| 22:03 | Create | Villager (Male) |
| 22:09 | Build | Mill |
| 22:10 | Build | Farm |
| 22:10 | Build | Farm |
| 22:10 | Build | Farm |
| 22:20 | Create | Villager (Male) |
| 22:32 | Create | Villager (Male) |
| 22:35 | Create | Villager (Male) |
| 22:49 | Create | Villager (Male) |
| 22:53 | Create | Villager (Male) |
| 22:53 | Create | Villager (Male) |
| 23:00 | Build | Town Center |
| 23:03 | Build | House |
| 23:04 | Build | House |
| 23:20 | Create | Villager (Male) |
| 23:28 | Create | Villager (Male) |
| 23:28 | Create | Villager (Male) |
| 23:29 | Build | Farm |
| 23:29 | Build | Farm |
| 23:31 | Create | Villager (Male) |
| 23:38 | Create | Villager (Male) |
| 23:40 | Build | Farm |
Build order — Ramci
First 150 of 674 actions detected
| 0:01 | Create | Villager (Male) ×4 |
| 0:02 | Create | Villager (Male) ×4 |
| 0:04 | Build | House |
| 0:07 | Build | House |
| 0:33 | Build | House |
| 1:18 | Build | House |
| 1:21 | Build | Lumber Camp |
| 1:51 | Create | Villager (Male) |
| 1:52 | Create | Villager (Male) |
| 2:06 | Create | Villager (Male) |
| 2:22 | Create | Villager (Male) |
| 2:22 | Create | Villager (Male) |
| 2:41 | Create | Villager (Male) |
| 3:03 | Create | Villager (Male) |
| 3:03 | Create | Villager (Male) |
| 3:36 | Create | Villager (Male) |
| 3:36 | Create | Villager (Male) |
| 4:21 | Create | Villager (Male) |
| 4:21 | Create | Villager (Male) |
| 5:09 | Create | Villager (Male) |
| 5:09 | Create | Villager (Male) |
| 5:22 | Create | Villager (Male) |
| 5:43 | Create | Villager (Male) |
| 5:46 | Build | Mill |
| 6:36 | Create | Villager (Male) |
| 6:37 | Create | Villager (Male) |
| 8:01 | Research | Feudal Age |
| 8:15 | Build | Mining Camp |
| 8:35 | Build | House |
| 9:06 | Create | Villager (Male) |
| 9:06 | Create | Villager (Male) |
| 10:16 | Age | Feudal Age |
| 10:30 | Build | Market |
| 10:37 | Build | Blacksmith |
| 11:25 | Research | Castle Age |
| 11:25 | Research | Castle Age |
| 11:26 | Research | Castle Age |
| 11:48 | Research | Double-Bit Axe |
| 12:08 | Research | Horse Collar |
| 12:09 | Research | Horse Collar |
| 12:32 | Build | Farm |
| 12:36 | Build | Farm |
| 12:49 | Build | House |
| 13:19 | Build | Farm |
| 13:31 | Build | House |
| 14:05 | Age | Castle Age |
| 14:13 | Build | Town Center |
| 14:14 | Create | Villager (Male) |
| 14:14 | Create | Villager (Male) |
| 14:19 | Research | Bow Saw |
| 15:01 | Create | Villager (Male) |
| 15:09 | Build | Town Center |
| 15:22 | Create | Villager (Male) |
| 15:34 | Create | Villager (Male) |
| 15:37 | Build | Farm |
| 15:39 | Build | Farm |
| 15:40 | Create | Villager (Male) |
| 15:42 | Create | Villager (Male) |
| 15:56 | Build | Farm |
| 15:57 | Build | Farm |
| 16:01 | Create | Villager (Male) |
| 16:07 | Build | Farm |
| 16:19 | Create | Villager (Male) |
| 16:20 | Create | Villager (Male) |
| 16:25 | Build | Farm |
| 16:29 | Build | Farm |
| 16:37 | Build | Farm |
| 16:40 | Build | Farm |
| 16:47 | Build | Farm |
| 16:51 | Build | Farm |
| 16:52 | Create | Villager (Male) |
| 16:52 | Create | Villager (Male) |
| 16:58 | Build | Farm |
| 17:14 | Create | Villager (Male) |
| 17:15 | Create | Villager (Male) |
| 17:17 | Build | Farm |
| 17:22 | Build | Farm |
| 17:25 | Create | Villager (Male) |
| 17:25 | Create | Villager (Male) |
| 17:27 | Build | Farm |
| 17:40 | Create | Villager (Male) |
| 17:41 | Create | Villager (Male) |
| 17:45 | Build | Farm |
| 17:50 | Build | Farm |
| 17:51 | Create | Villager (Male) |
| 17:51 | Create | Villager (Male) |
| 17:55 | Build | Farm |
| 17:57 | Build | Farm |
| 18:04 | Create | Villager (Male) |
| 18:05 | Create | Villager (Male) |
| 18:16 | Build | Farm |
| 18:17 | Build | Farm |
| 18:18 | Create | Villager (Male) |
| 18:19 | Create | Villager (Male) |
| 18:21 | Build | Farm |
| 18:29 | Create | Villager (Male) |
| 18:29 | Create | Villager (Male) |
| 18:32 | Build | Farm |
| 18:38 | Research | Loom |
| 18:39 | Create | Villager (Male) |
| 18:39 | Create | Villager (Male) |
| 18:46 | Create | Villager (Male) |
| 18:57 | Create | Villager (Male) |
| 18:57 | Create | Villager (Male) |
| 19:01 | Build | Farm |
| 19:02 | Build | Farm |
| 19:06 | Create | Villager (Male) |
| 19:07 | Create | Villager (Male) |
| 19:11 | Create | Villager (Male) |
| 19:11 | Create | Villager (Male) |
| 19:18 | Build | Building 490 |
| 19:29 | Build | Building 487 |
| 19:34 | Build | House |
| 19:38 | Research | Wheelbarrow |
| 19:39 | Create | Villager (Male) |
| 19:45 | Build | Farm |
| 19:48 | Build | Farm |
| 19:50 | Create | Villager (Male) |
| 19:56 | Create | Villager (Male) |
| 20:02 | Build | House |
| 20:07 | Create | Villager (Male) |
| 20:08 | Create | Villager (Male) |
| 20:08 | Create | Villager (Male) |
| 20:08 | Create | Villager (Male) |
| 20:11 | Build | Farm |
| 20:12 | Build | Farm |
| 20:23 | Build | Farm |
| 20:29 | Create | Villager (Male) |
| 20:33 | Build | Farm |
| 20:37 | Build | House |
| 20:38 | Build | House |
| 20:41 | Create | Villager (Male) |
| 20:41 | Create | Villager (Male) |
| 20:56 | Build | Outpost |
| 20:58 | Create | Villager (Male) |
| 20:58 | Create | Villager (Male) |
| 21:07 | Build | Palisade Wall |
| 21:13 | Build | House |
| 21:36 | Create | Villager (Male) |
| 21:37 | Create | Villager (Male) |
| 21:37 | Create | Villager (Male) |
| 21:39 | Create | Villager (Male) |
| 21:39 | Create | Villager (Male) |
| 21:39 | Create | Villager (Male) |
| 22:21 | Build | Town Center |
| 23:53 | Create | Villager (Male) |
| 23:54 | Create | Villager (Male) |
| 23:54 | Create | Villager (Male) |
| 24:03 | Build | Town Center |
| 24:12 | Create | Villager (Male) |
Build order — Diegoxyz
First 150 of 647 actions detected
| 0:00 | Create | Villager (Male) |
| 0:01 | Create | Villager (Male) |
| 0:03 | Build | House |
| 0:05 | Build | House |
| 0:24 | Create | Villager (Male) |
| 0:24 | Create | Villager (Male) |
| 0:25 | Create | Villager (Male) |
| 1:20 | Create | Villager (Male) |
| 1:20 | Create | Villager (Male) |
| 1:33 | Create | Villager (Male) |
| 1:33 | Create | Villager (Male) |
| 1:46 | Build | Lumber Camp |
| 2:23 | Create | Villager (Male) |
| 2:23 | Create | Villager (Male) |
| 3:31 | Create | Villager (Male) |
| 3:32 | Create | Villager (Male) |
| 3:32 | Create | Villager (Male) |
| 3:32 | Create | Villager (Male) |
| 3:32 | Create | Villager (Male) |
| 4:10 | Build | House |
| 4:12 | Build | House |
| 4:14 | Build | House |
| 4:35 | Build | Palisade Wall |
| 4:43 | Create | Villager (Male) |
| 4:43 | Create | Villager (Male) |
| 5:22 | Build | Mill |
| 5:32 | Create | Villager (Male) |
| 5:32 | Create | Villager (Male) |
| 5:32 | Create | Villager (Male) |
| 5:36 | Create | Villager (Male) |
| 5:37 | Create | Villager (Male) |
| 5:37 | Create | Villager (Male) |
| 5:37 | Create | Villager (Male) |
| 6:06 | Create | Villager (Male) |
| 6:07 | Create | Villager (Male) |
| 6:07 | Create | Villager (Male) |
| 7:41 | Build | Farm |
| 7:43 | Build | Farm |
| 8:35 | Create | Villager (Male) |
| 8:35 | Create | Villager (Male) |
| 9:07 | Build | Mining Camp |
| 9:09 | Research | Feudal Age |
| 9:09 | Create | Villager (Male) |
| 9:10 | Create | Villager (Male) |
| 9:47 | Build | Farm |
| 9:57 | Build | Farm |
| 11:35 | Age | Feudal Age |
| 11:37 | Build | Market |
| 11:39 | Build | Blacksmith |
| 11:48 | Research | Double-Bit Axe |
| 11:53 | Research | Horse Collar |
| 11:53 | Research | Horse Collar |
| 12:25 | Research | Castle Age |
| 12:25 | Research | Castle Age |
| 12:31 | Build | Farm |
| 12:44 | Build | Farm |
| 13:28 | Build | Barracks |
| 14:15 | Build | Stable |
| 14:22 | Build | Farm |
| 14:23 | Create | Villager (Male) |
| 15:05 | Age | Castle Age |
| 15:07 | Create | Camel Scout |
| 15:08 | Research | Bow Saw |
| 15:09 | Research | Heavy Plow |
| 15:15 | Build | Farm |
| 15:21 | Create | Villager (Male) |
| 15:27 | Build | Farm |
| 15:35 | Research | Loom |
| 15:35 | Research | Loom |
| 15:38 | Build | House |
| 15:39 | Build | House |
| 15:45 | Build | House |
| 15:46 | Build | House |
| 15:47 | Build | House |
| 15:50 | Create | Villager (Male) |
| 15:52 | Create | Scout Cavalry |
| 15:54 | Create | Camel Scout |
| 16:14 | Build | Farm |
| 16:16 | Build | Farm |
| 16:18 | Create | Villager (Male) |
| 16:19 | Create | Camel Scout |
| 16:29 | Create | Camel Scout |
| 16:54 | Create | Villager (Male) |
| 16:55 | Create | Camel Scout |
| 17:11 | Create | Villager (Male) |
| 17:12 | Create | Camel Scout |
| 17:15 | Build | House |
| 17:20 | Build | Mill |
| 17:21 | Build | Farm |
| 17:21 | Build | Farm |
| 17:40 | Create | Camel Scout |
| 17:41 | Create | Villager (Male) |
| 17:44 | Build | House |
| 17:45 | Build | House |
| 17:59 | Create | Villager (Male) |
| 18:01 | Research | Scale Barding Armor |
| 18:01 | Research | Scale Barding Armor |
| 18:02 | Research | Scale Barding Armor |
| 18:09 | Build | Farm |
| 18:15 | Build | Farm |
| 18:17 | Create | Camel Scout |
| 18:27 | Research | Husbandry |
| 18:34 | Build | House |
| 18:36 | Build | House |
| 18:38 | Create | Villager (Male) |
| 18:38 | Create | Villager (Male) |
| 18:59 | Research | Bloodlines |
| 18:59 | Research | Bloodlines |
| 18:59 | Research | Bloodlines |
| 19:01 | Create | Villager (Male) |
| 19:10 | Create | Camel Scout |
| 19:14 | Build | Farm |
| 19:28 | Create | Villager (Male) |
| 19:43 | Create | Villager (Male) |
| 19:44 | Create | Camel Scout |
| 19:57 | Create | Villager (Male) |
| 19:58 | Create | Camel Scout |
| 20:07 | Build | House |
| 20:09 | Build | House |
| 20:13 | Build | Stable |
| 20:15 | Create | Villager (Male) |
| 20:28 | Build | Mining Camp |
| 20:37 | Research | Forging |
| 20:37 | Research | Forging |
| 21:03 | Create | Villager (Male) |
| 21:04 | Create | Camel Scout |
| 21:08 | Create | Camel Scout |
| 21:09 | Create | Villager (Male) |
| 21:25 | Create | Villager (Male) |
| 21:29 | Build | House |
| 22:05 | Create | Villager (Male) |
| 22:05 | Create | Villager (Male) |
| 22:05 | Create | Villager (Male) |
| 22:06 | Create | Villager (Male) |
| 22:10 | Build | Town Center |
| 22:11 | Create | Villager (Male) |
| 22:12 | Create | Camel Scout |
| 22:13 | Create | Camel Scout |
| 22:34 | Create | Villager (Male) |
| 22:34 | Create | Villager (Male) |
| 22:56 | Build | Town Center |
| 23:00 | Create | Villager (Male) |
| 23:00 | Create | Villager (Male) |
| 23:06 | Build | Farm |
| 23:16 | Create | Villager (Male) |
| 23:18 | Create | Villager (Male) |
| 23:24 | Create | Villager (Male) |
| 23:32 | Build | House |
| 23:34 | Build | House |
| 23:56 | Research | Chain Barding Armor |
Build order — DaTuRa
First 150 of 790 actions detected
| 0:00 | Create | Villager (Male) |
| 0:01 | Create | Villager (Male) |
| 0:01 | Create | Villager (Male) |
| 0:02 | Build | House |
| 0:03 | Build | House |
| 0:09 | Create | Villager (Male) |
| 0:10 | Create | Villager (Male) |
| 1:25 | Create | Villager (Male) |
| 1:25 | Create | Villager (Male) |
| 1:59 | Create | Villager (Male) |
| 1:59 | Create | Villager (Male) |
| 2:14 | Build | Lumber Camp |
| 2:29 | Create | Villager (Male) |
| 2:29 | Create | Villager (Male) |
| 2:56 | Create | Villager (Male) |
| 2:56 | Create | Villager (Male) |
| 2:56 | Create | Villager (Male) |
| 2:56 | Create | Villager (Male) |
| 3:29 | Build | House |
| 3:33 | Create | Villager (Male) |
| 3:33 | Create | Villager (Male) |
| 3:34 | Create | Villager (Male) |
| 3:34 | Create | Villager (Male) |
| 3:42 | Create | Villager (Male) |
| 3:58 | Build | House |
| 4:07 | Create | Villager (Male) |
| 4:07 | Create | Villager (Male) |
| 4:35 | Create | Villager (Male) |
| 4:35 | Create | Villager (Male) |
| 4:44 | Build | Mill |
| 4:59 | Create | Villager (Male) |
| 5:00 | Create | Villager (Male) |
| 6:10 | Create | Villager (Male) |
| 6:11 | Create | Villager (Male) |
| 6:50 | Create | Villager (Male) |
| 7:10 | Build | Mining Camp |
| 7:30 | Create | Villager (Male) |
| 7:33 | Build | Farm |
| 7:53 | Research | Feudal Age |
| 7:59 | Build | Farm |
| 9:04 | Create | Villager (Male) |
| 9:04 | Create | Villager (Male) |
| 9:36 | Build | House |
| 10:06 | Age | Feudal Age |
| 10:08 | Build | Market |
| 10:11 | Build | Blacksmith |
| 11:00 | Research | Castle Age |
| 11:01 | Research | Castle Age |
| 11:01 | Research | Castle Age |
| 13:16 | Create | Villager (Male) |
| 13:17 | Create | Villager (Male) |
| 13:40 | Age | Castle Age |
| 13:48 | Build | Town Center |
| 13:54 | Build | Town Center |
| 14:08 | Create | Villager (Male) |
| 14:08 | Create | Villager (Male) |
| 14:20 | Create | Villager (Male) |
| 14:21 | Create | Villager (Male) |
| 14:23 | Build | Farm |
| 14:30 | Build | Farm |
| 14:33 | Build | Farm |
| 14:36 | Build | Farm |
| 14:45 | Create | Villager (Male) |
| 15:00 | Create | Villager (Male) |
| 15:00 | Create | Villager (Male) |
| 15:02 | Create | Villager (Male) |
| 15:02 | Create | Villager (Male) |
| 15:03 | Create | Villager (Male) |
| 15:07 | Create | Villager (Male) |
| 15:10 | Build | Farm |
| 15:23 | Create | Villager (Male) |
| 15:24 | Create | Villager (Male) |
| 15:33 | Build | Farm |
| 15:35 | Build | Farm |
| 15:37 | Create | Villager (Male) |
| 15:50 | Build | House |
| 15:51 | Build | House |
| 15:55 | Create | Villager (Male) |
| 15:55 | Create | Villager (Male) |
| 16:19 | Create | Villager (Male) |
| 16:19 | Create | Villager (Male) |
| 16:29 | Build | Farm |
| 16:30 | Build | Farm |
| 16:32 | Build | Farm |
| 16:43 | Create | Villager (Male) |
| 16:43 | Create | Villager (Male) |
| 16:45 | Build | Farm |
| 16:46 | Build | Farm |
| 16:56 | Build | House |
| 16:57 | Build | House |
| 16:59 | Create | Villager (Male) |
| 16:59 | Create | Villager (Male) |
| 17:00 | Create | Villager (Male) |
| 17:09 | Create | Villager (Male) |
| 17:10 | Create | Villager (Male) |
| 17:13 | Build | Farm |
| 17:25 | Build | Farm |
| 17:26 | Create | Villager (Male) |
| 17:26 | Create | Villager (Male) |
| 17:32 | Build | Farm |
| 17:36 | Build | Farm |
| 17:36 | Create | Villager (Male) |
| 17:37 | Create | Villager (Male) |
| 17:45 | Build | Farm |
| 17:45 | Create | Villager (Male) |
| 17:45 | Create | Villager (Male) |
| 17:57 | Build | Farm |
| 18:08 | Create | Villager (Male) |
| 18:09 | Create | Villager (Male) |
| 18:09 | Create | Villager (Male) |
| 18:09 | Create | Villager (Male) |
| 18:13 | Create | Villager (Male) |
| 18:14 | Create | Villager (Male) |
| 18:21 | Create | Villager (Male) |
| 18:21 | Create | Villager (Male) |
| 18:34 | Create | Villager (Male) |
| 18:34 | Create | Villager (Male) |
| 18:35 | Create | Villager (Male) |
| 18:40 | Build | Farm |
| 18:41 | Build | Farm |
| 18:42 | Build | Farm |
| 18:43 | Build | Farm |
| 18:48 | Build | Mill |
| 18:48 | Create | Villager (Male) |
| 18:49 | Create | Villager (Male) |
| 18:54 | Create | Villager (Male) |
| 18:54 | Create | Villager (Male) |
| 19:04 | Create | Villager (Male) |
| 19:04 | Create | Villager (Male) |
| 19:15 | Build | Farm |
| 19:17 | Create | Villager (Male) |
| 19:20 | Build | House |
| 19:21 | Build | House |
| 19:22 | Build | House |
| 19:23 | Build | House |
| 19:26 | Create | Villager (Male) |
| 19:26 | Create | Villager (Male) |
| 19:27 | Create | Villager (Male) |
| 19:31 | Create | Villager (Male) |
| 19:31 | Create | Villager (Male) |
| 19:37 | Create | Villager (Male) |
| 19:37 | Create | Villager (Male) |
| 19:37 | Create | Villager (Male) |
| 19:43 | Build | Town Center |
| 19:59 | Create | Villager (Male) |
| 19:59 | Create | Villager (Male) |
| 20:00 | Create | Villager (Male) |
| 20:11 | Create | Villager (Male) |
| 20:12 | Create | Villager (Male) |
| 20:12 | Create | Villager (Male) |
Build order — Kokin95
First 150 of 737 actions detected
| 0:01 | Create | Villager (Male) |
| 0:01 | Create | Villager (Male) |
| 0:02 | Create | Villager (Male) |
| 0:03 | Build | House |
| 0:04 | Build | House |
| 0:32 | Create | Villager (Male) |
| 0:33 | Create | Villager (Male) |
| 1:29 | Create | Villager (Male) |
| 1:29 | Create | Villager (Male) |
| 1:30 | Create | Villager (Male) |
| 1:31 | Create | Villager (Male) |
| 1:31 | Create | Villager (Male) |
| 1:31 | Create | Villager (Male) |
| 1:31 | Create | Villager (Male) |
| 1:47 | Build | Lumber Camp |
| 1:53 | Create | Villager (Male) |
| 1:53 | Create | Villager (Male) |
| 2:28 | Create | Villager (Male) |
| 2:28 | Create | Villager (Male) |
| 2:28 | Create | Villager (Male) |
| 2:55 | Create | Villager (Male) |
| 2:55 | Create | Villager (Male) |
| 2:55 | Create | Villager (Male) |
| 3:01 | Build | House |
| 3:30 | Create | Villager (Male) |
| 3:56 | Create | Villager (Male) |
| 3:56 | Create | Villager (Male) |
| 4:00 | Build | Mill |
| 4:51 | Create | Villager (Male) |
| 4:53 | Create | Villager (Male) |
| 5:16 | Create | Villager (Male) |
| 5:16 | Create | Villager (Male) |
| 5:17 | Create | Villager (Male) |
| 5:19 | Build | House |
| 5:57 | Build | Mining Camp |
| 6:17 | Create | Villager (Male) |
| 6:17 | Create | Villager (Male) |
| 6:36 | Create | Villager (Male) |
| 7:21 | Create | Villager (Male) |
| 7:40 | Create | Villager (Male) |
| 7:43 | Build | Mining Camp |
| 8:18 | Create | Villager (Male) |
| 8:37 | Build | Farm |
| 8:46 | Build | Farm |
| 8:48 | Build | Farm |
| 8:49 | Research | Feudal Age |
| 9:22 | Build | House |
| 10:58 | Create | Villager (Male) |
| 10:58 | Create | Villager (Male) |
| 10:59 | Age | Feudal Age |
| 11:07 | Build | Market |
| 11:21 | Build | Blacksmith |
| 12:07 | Research | Castle Age |
| 12:48 | Research | Double-Bit Axe |
| 13:14 | Research | Horse Collar |
| 14:06 | Research | Loom |
| 14:47 | Age | Castle Age |
| 14:59 | Create | Villager (Male) |
| 15:03 | Research | Bow Saw |
| 15:43 | Create | Villager (Male) |
| 15:43 | Create | Villager (Male) |
| 16:07 | Build | Castle |
| 16:12 | Create | Villager (Male) |
| 16:28 | Build | House |
| 16:29 | Build | House |
| 16:37 | Create | Villager (Male) |
| 16:49 | Build | Castle |
| 17:01 | Build | Farm |
| 17:13 | Build | Farm |
| 17:14 | Build | Farm |
| 17:14 | Build | Farm |
| 17:15 | Build | Farm |
| 17:18 | Create | Villager (Male) |
| 17:34 | Build | Mining Camp |
| 17:48 | Create | Villager (Male) |
| 17:59 | Create | War Wagon |
| 17:59 | Create | War Wagon |
| 18:00 | Create | War Wagon |
| 18:00 | Create | War Wagon |
| 18:00 | Create | War Wagon |
| 18:18 | Create | Villager (Male) |
| 18:18 | Create | Villager (Male) |
| 18:19 | Create | Villager (Male) |
| 18:29 | Build | Town Center |
| 18:45 | Create | Villager (Male) |
| 18:47 | Create | Villager (Male) |
| 19:03 | Create | War Wagon |
| 19:12 | Create | Villager (Male) |
| 19:13 | Create | Villager (Male) |
| 19:13 | Create | Villager (Male) |
| 19:54 | Create | Villager (Male) |
| 19:55 | Create | War Wagon |
| 19:55 | Create | War Wagon |
| 19:56 | Create | Villager (Male) |
| 20:01 | Build | Watch Tower |
| 20:08 | Build | Watch Tower |
| 20:17 | Create | Villager (Male) |
| 20:20 | Build | Farm |
| 20:37 | Create | Villager (Male) |
| 21:00 | Create | Villager (Male) |
| 21:00 | Create | Villager (Male) |
| 21:03 | Build | Farm |
| 21:04 | Build | Farm |
| 21:04 | Build | Farm |
| 21:04 | Build | Farm |
| 21:04 | Build | Farm |
| 21:17 | Create | Villager (Male) |
| 21:17 | Create | Villager (Male) |
| 21:17 | Create | Villager (Male) |
| 21:44 | Create | War Wagon |
| 21:45 | Create | War Wagon |
| 21:45 | Create | Villager (Male) |
| 21:46 | Create | Villager (Male) |
| 21:46 | Create | Villager (Male) |
| 22:08 | Create | War Wagon |
| 22:08 | Create | War Wagon |
| 22:08 | Create | War Wagon |
| 22:19 | Create | Villager (Male) |
| 22:19 | Create | Villager (Male) |
| 22:19 | Create | Villager (Male) |
| 22:32 | Create | Villager (Male) |
| 22:32 | Create | Villager (Male) |
| 22:32 | Create | Villager (Male) |
| 22:41 | Create | Villager (Male) |
| 22:41 | Create | Villager (Male) |
| 22:58 | Build | Siege Workshop |
| 23:00 | Create | Villager (Male) |
| 23:24 | Create | Villager (Male) |
| 23:25 | Create | Villager (Male) |
| 23:46 | Create | Iron Pagoda |
| 23:46 | Create | Iron Pagoda |
| 23:48 | Create | Villager (Male) |
| 23:50 | Create | War Wagon |
| 23:51 | Create | War Wagon |
| 23:58 | Build | Town Center |
| 24:03 | Build | House |
| 24:04 | Build | House |
| 24:05 | Build | House |
| 24:06 | Build | House |
| 24:08 | Create | Villager (Male) |
| 24:08 | Create | Villager (Male) |
| 24:38 | Create | Villager (Male) |
| 24:53 | Research | Gold Mining |
| 24:54 | Create | Villager (Male) |
| 24:54 | Create | Villager (Male) |
| 24:54 | Create | Villager (Male) |
| 25:18 | Create | Villager (Male) |
| 25:19 | Create | Villager (Male) |
| 25:19 | Create | Villager (Male) |
| 25:19 | Create | Villager (Male) |
Build order — BLACK EAGLE
First 150 of 513 actions detected
| 0:00 | Create | Villager (Male) |
| 0:01 | Create | Villager (Male) |
| 0:02 | Build | House |
| 0:05 | Build | House |
| 0:06 | Create | Villager (Male) |
| 0:06 | Create | Villager (Male) |
| 1:31 | Create | Villager (Male) |
| 1:46 | Create | Villager (Male) |
| 2:24 | Create | Villager (Male) |
| 2:24 | Create | Villager (Male) |
| 2:38 | Create | Villager (Male) |
| 2:38 | Create | Villager (Male) |
| 3:10 | Create | Villager (Male) |
| 3:10 | Create | Villager (Male) |
| 3:17 | Create | Villager (Male) |
| 3:18 | Create | Villager (Male) |
| 3:18 | Create | Villager (Male) |
| 3:27 | Build | House |
| 3:32 | Create | Villager (Male) |
| 3:49 | Build | Lumber Camp |
| 4:10 | Create | Villager (Male) |
| 4:11 | Create | Villager (Male) |
| 4:32 | Create | Villager (Male) |
| 4:32 | Create | Villager (Male) |
| 5:05 | Create | Villager (Male) |
| 5:06 | Create | Villager (Male) |
| 5:20 | Create | Villager (Male) |
| 5:21 | Create | Villager (Male) |
| 5:21 | Create | Villager (Male) |
| 5:42 | Create | Villager (Male) |
| 5:47 | Create | Villager (Male) |
| 5:55 | Build | House |
| 5:59 | Create | Villager (Male) |
| 5:59 | Create | Villager (Male) |
| 6:00 | Create | Villager (Male) |
| 6:20 | Build | Mill |
| 7:04 | Build | Mining Camp |
| 7:44 | Build | Farm |
| 8:22 | Build | Farm |
| 8:32 | Research | Feudal Age |
| 8:39 | Build | Farm |
| 9:03 | Build | Farm |
| 9:32 | Build | Farm |
| 10:20 | Build | Farm |
| 10:56 | Age | Feudal Age |
| 10:57 | Research | Castle Age |
| 10:57 | Research | Castle Age |
| 11:01 | Research | Double-Bit Axe |
| 12:06 | Build | House |
| 12:49 | Build | Farm |
| 13:37 | Age | Castle Age |
| 13:38 | Build | Town Center |
| 13:42 | Build | Town Center |
| 13:51 | Research | Bow Saw |
| 14:03 | Research | Horse Collar |
| 14:17 | Create | Villager (Male) |
| 14:18 | Create | Villager (Male) |
| 14:18 | Create | Villager (Male) |
| 14:18 | Create | Villager (Male) |
| 14:19 | Create | Villager (Male) |
| 14:19 | Create | Villager (Male) |
| 14:19 | Create | Villager (Male) |
| 14:21 | Create | Villager (Male) |
| 14:39 | Create | Villager (Male) |
| 14:40 | Create | Villager (Male) |
| 14:40 | Create | Villager (Male) |
| 14:40 | Create | Villager (Male) |
| 14:54 | Research | Heavy Plow |
| 14:57 | Create | Villager (Male) |
| 14:58 | Create | Villager (Male) |
| 14:58 | Create | Villager (Male) |
| 14:58 | Create | Villager (Male) |
| 15:02 | Create | Villager (Male) |
| 15:03 | Create | Villager (Male) |
| 15:20 | Create | Villager (Male) |
| 15:20 | Create | Villager (Male) |
| 15:22 | Create | Villager (Male) |
| 15:42 | Build | House |
| 15:44 | Build | House |
| 15:49 | Create | Villager (Male) |
| 15:53 | Create | Villager (Male) |
| 16:04 | Build | Town Center |
| 16:10 | Create | Villager (Male) |
| 16:11 | Create | Villager (Male) |
| 16:14 | Build | Farm |
| 16:15 | Build | Farm |
| 16:20 | Create | Villager (Male) |
| 16:20 | Create | Villager (Male) |
| 16:27 | Build | Farm |
| 16:30 | Build | House |
| 16:32 | Create | Villager (Male) |
| 16:38 | Build | Farm |
| 16:40 | Build | Farm |
| 16:40 | Build | Farm |
| 16:43 | Create | Villager (Male) |
| 16:43 | Create | Villager (Male) |
| 16:59 | Build | Farm |
| 17:00 | Build | Farm |
| 17:04 | Build | Farm |
| 17:05 | Create | Villager (Male) |
| 17:06 | Create | Villager (Male) |
| 17:09 | Build | House |
| 17:10 | Build | House |
| 17:18 | Create | Villager (Male) |
| 17:23 | Build | Farm |
| 17:24 | Build | Farm |
| 17:32 | Build | Farm |
| 17:33 | Build | Farm |
| 17:34 | Build | Farm |
| 17:37 | Build | Farm |
| 17:37 | Build | Farm |
| 17:40 | Create | Villager (Male) |
| 17:41 | Create | Villager (Male) |
| 17:42 | Build | Farm |
| 17:50 | Create | Villager (Male) |
| 17:53 | Build | House |
| 18:02 | Build | Farm |
| 18:05 | Create | Villager (Male) |
| 18:06 | Create | Villager (Male) |
| 18:13 | Create | Villager (Male) |
| 18:14 | Create | Villager (Male) |
| 18:18 | Build | Farm |
| 18:19 | Build | Farm |
| 18:19 | Build | Farm |
| 18:20 | Build | Farm |
| 18:22 | Build | Farm |
| 18:22 | Build | Farm |
| 18:25 | Create | Villager (Male) |
| 18:28 | Create | Villager (Male) |
| 18:28 | Create | Villager (Male) |
| 18:38 | Build | House |
| 18:42 | Build | Farm |
| 18:46 | Build | Farm |
| 18:46 | Build | Farm |
| 18:47 | Build | Farm |
| 18:49 | Build | Farm |
| 18:50 | Build | Farm |
| 18:53 | Create | Villager (Male) |
| 18:53 | Create | Villager (Male) |
| 18:54 | Create | Villager (Male) |
| 18:56 | Create | Villager (Male) |
| 18:56 | Create | Villager (Male) |
| 19:00 | Build | House |
| 19:03 | Create | Villager (Male) |
| 19:03 | Create | Villager (Male) |
| 19:11 | Build | Farm |
| 19:15 | Build | House |
| 19:24 | Create | Villager (Male) |
| 19:24 | Create | Villager (Male) |
| 19:25 | Build | House |
Match timeline
| 4:35 | Diegoxyz · wall_segment Palisade Wall x1 |
| 7:17 | Donnie Darko · wall_segment Palisade Wall x1 |
| 7:18 | Donnie Darko · wall_segment Palisade Wall x1 |
| 7:23 | Donnie Darko · wall_segment Palisade Wall x1 |
| 7:23 | Donnie Darko · wall_segment Palisade Wall x1 |
| 10:06 | DaTuRa · age_up feudal |
| 10:06 | livulove · age_up feudal |
| 10:14 | Donnie Darko · age_up feudal |
| 10:16 | Ramci · age_up feudal |
| 10:56 | ElwasonBB · age_up feudal |
| 10:56 | BLACK EAGLE · age_up feudal |
| 10:59 | Kokin95 · age_up feudal |
| 11:35 | Diegoxyz · age_up feudal |
| 13:28 | Diegoxyz · first_building Barracks |
| 13:37 | BLACK EAGLE · age_up castle |
| 13:40 | DaTuRa · age_up castle |
| 13:43 | livulove · age_up castle |
| 14:01 | Donnie Darko · age_up castle |
| 14:05 | Ramci · age_up castle |
| 14:13 | Donnie Darko · first_building Siege Workshop |
| 14:15 | Diegoxyz · first_building Stable |
| 14:44 | Ramci · first_market_buy 100 stone |
| 14:47 | Kokin95 · age_up castle |
| 14:54 | ElwasonBB · age_up castle |
| 15:04 | ElwasonBB · first_building Monastery |
| 15:05 | Diegoxyz · age_up castle |
| 15:09 | ElwasonBB · first_building Castle |
| 15:35 | ElwasonBB · first_market_buy 100 food |
| 15:41 | Donnie Darko · first_market_buy 100 food |
| 16:07 | Kokin95 · first_building Castle |
| 16:18 | livulove · wall_segment Palisade Wall x1 |
| 18:12 | ElwasonBB · first_market_sell 100 wood |
| 18:22 | Diegoxyz · first_market_buy 100 food |
| 20:34 | DaTuRa · first_market_sell 100 wood |
| 20:36 | DaTuRa · first_market_buy 100 stone |
| 20:46 | DaTuRa · first_building Castle |
| 20:47 | livulove · first_market_sell 100 wood |
| 21:07 | Ramci · wall_segment Palisade Wall x1 |
| 21:14 | livulove · first_market_buy 100 stone |
| 21:37 | livulove · first_building Castle |
| 21:47 | Donnie Darko · first_building Monastery |
| 22:23 | DaTuRa · first_building Barracks |
| 22:58 | Kokin95 · first_building Siege Workshop |
| 23:33 | livulove · first_building Barracks |
| 24:32 | livulove · first_building Archery Range |
| 24:42 | DaTuRa · first_building Siege Workshop |
| 24:54 | livulove · wall_segment Stone Wall x1 |
| 24:59 | livulove · wall_segment Palisade Wall x1 |
| 25:13 | Kokin95 · first_market_sell 100 wood |
| 25:32 | livulove · first_building Stable |
| 25:41 | Diegoxyz · first_market_sell 100 wood |
| 25:41 | DaTuRa · tribute_sent a jugador 1 |
| 25:41 | DaTuRa · tribute_sent a jugador 2 |
| 25:41 | DaTuRa · tribute_sent a jugador 3 |
| 25:41 | DaTuRa · tribute_sent a jugador 4 |
| 25:41 | DaTuRa · tribute_sent a jugador 5 |
| 25:41 | DaTuRa · tribute_sent a jugador 7 |
| 25:41 | DaTuRa · tribute_sent a jugador 8 |
| 26:08 | Ramci · first_building Castle |
| 26:57 | Donnie Darko · first_market_sell 500 wood |
| 27:03 | Diegoxyz · first_building Monastery |
| 27:48 | Ramci · first_building Siege Workshop |
| 28:55 | DaTuRa · age_up imperial |
| 29:15 | ElwasonBB · first_building Barracks |
| 29:39 | livulove · age_up imperial |
| 29:52 | BLACK EAGLE · first_market_sell 100 food |
| 30:19 | BLACK EAGLE · first_building Stable |
| 30:21 | Donnie Darko · age_up imperial |
| 30:55 | ElwasonBB · age_up imperial |
| 32:22 | Diegoxyz · age_up imperial |
| 32:45 | livulove · first_building Siege Workshop |
| 32:50 | Donnie Darko · first_building Castle |
| 33:23 | DaTuRa · wall_segment Palisade Wall x1 |
| 33:37 | Kokin95 · first_building Barracks |
| 33:44 | BLACK EAGLE · tribute_sent a jugador 1 |
| 33:44 | BLACK EAGLE · tribute_sent a jugador 2 |
| 33:44 | BLACK EAGLE · tribute_sent a jugador 3 |
| 33:44 | BLACK EAGLE · tribute_sent a jugador 4 |
| 33:44 | BLACK EAGLE · tribute_sent a jugador 5 |
| 33:44 | BLACK EAGLE · tribute_sent a jugador 6 |
| 33:44 | BLACK EAGLE · tribute_sent a jugador 7 |
| 33:57 | Kokin95 · wall_segment Stone Wall x10 |
| 34:05 | ElwasonBB · first_building Stable |
| 34:13 | Ramci · first_market_sell 500 wood |
| 34:23 | Ramci · first_building Barracks |
| 34:26 | Diegoxyz · first_building Archery Range |
| 34:52 | Kokin95 · age_up imperial |
| 37:29 | Diegoxyz · first_building Castle |
| 38:06 | ElwasonBB · first_building Archery Range |
| 38:52 | BLACK EAGLE · age_up imperial |
| 38:54 | Donnie Darko · tribute_sent a jugador 1 |
| 38:54 | Donnie Darko · tribute_sent a jugador 2 |
| 38:54 | Donnie Darko · tribute_sent a jugador 4 |
| 38:54 | Donnie Darko · tribute_sent a jugador 5 |
| 38:54 | Donnie Darko · tribute_sent a jugador 6 |
| 38:54 | Donnie Darko · tribute_sent a jugador 7 |
| 38:54 | Donnie Darko · tribute_sent a jugador 8 |
| 39:11 | Ramci · first_building Archery Range |
| 40:47 | Donnie Darko · tribute_sent a jugador 1 |
| 40:47 | Donnie Darko · tribute_sent a jugador 2 |
| 40:47 | Donnie Darko · tribute_sent a jugador 4 |
| 40:47 | Donnie Darko · tribute_sent a jugador 5 |
| 40:47 | Donnie Darko · tribute_sent a jugador 6 |
| 40:47 | Donnie Darko · tribute_sent a jugador 7 |
| 40:47 | Donnie Darko · tribute_sent a jugador 8 |
| 40:51 | Diegoxyz · tribute_sent a jugador 1 |
| 40:51 | Diegoxyz · tribute_sent a jugador 2 |
| 40:51 | Diegoxyz · tribute_sent a jugador 3 |
| 40:51 | Diegoxyz · tribute_sent a jugador 4 |
| 40:51 | Diegoxyz · tribute_sent a jugador 6 |
| 40:51 | Diegoxyz · tribute_sent a jugador 7 |
| 40:51 | Diegoxyz · tribute_sent a jugador 8 |
| 41:29 | BLACK EAGLE · first_building Siege Workshop |
| 42:13 | Donnie Darko · wall_segment Palisade Wall x1 |
| 42:20 | Ramci · age_up imperial |
| 42:50 | DaTuRa · first_building Stable |
| 43:02 | Diegoxyz · wall_segment Stone Wall x15 |
| 43:22 | ElwasonBB · first_building Siege Workshop |
| 43:33 | Diegoxyz · tribute_sent a jugador 1 |
| 43:33 | Diegoxyz · tribute_sent a jugador 2 |
| 43:33 | Diegoxyz · tribute_sent a jugador 3 |
| 43:33 | Diegoxyz · tribute_sent a jugador 4 |
| 43:33 | Diegoxyz · tribute_sent a jugador 6 |
| 43:33 | Diegoxyz · tribute_sent a jugador 7 |
| 43:33 | Diegoxyz · tribute_sent a jugador 8 |
| 44:06 | DaTuRa · first_building Monastery |
| 45:24 | DaTuRa · tribute_sent a jugador 1 |
| 45:24 | DaTuRa · tribute_sent a jugador 2 |
| 45:24 | DaTuRa · tribute_sent a jugador 3 |
| 45:24 | DaTuRa · tribute_sent a jugador 4 |
| 45:24 | DaTuRa · tribute_sent a jugador 5 |
| 45:24 | DaTuRa · tribute_sent a jugador 7 |
| 45:24 | DaTuRa · tribute_sent a jugador 8 |
| 47:22 | DaTuRa · first_building Archery Range |
| 47:29 | Kokin95 · first_building Archery Range |
| 49:48 | Ramci · first_building Stable |
| 52:00 | Ramci · tribute_sent a jugador 1 |
| 52:00 | Ramci · tribute_sent a jugador 2 |
| 52:00 | Ramci · tribute_sent a jugador 3 |
| 52:00 | Ramci · tribute_sent a jugador 5 |
| 52:00 | Ramci · tribute_sent a jugador 6 |
| 52:00 | Ramci · tribute_sent a jugador 7 |
| 52:00 | Ramci · tribute_sent a jugador 8 |
| 54:11 | Diegoxyz · tribute_sent a jugador 1 |
| 54:11 | Diegoxyz · tribute_sent a jugador 2 |
| 54:11 | Diegoxyz · tribute_sent a jugador 3 |
| 54:11 | Diegoxyz · tribute_sent a jugador 4 |
| 54:11 | Diegoxyz · tribute_sent a jugador 6 |
| 54:11 | Diegoxyz · tribute_sent a jugador 7 |
| 54:11 | Diegoxyz · tribute_sent a jugador 8 |
| 54:19 | Ramci · tribute_sent a jugador 1 |
| 54:19 | Ramci · tribute_sent a jugador 2 |
| 54:19 | Ramci · tribute_sent a jugador 3 |
| 54:19 | Ramci · tribute_sent a jugador 5 |
| 54:19 | Ramci · tribute_sent a jugador 6 |
| 54:19 | Ramci · tribute_sent a jugador 7 |
| 54:19 | Ramci · tribute_sent a jugador 8 |
| 58:13 | ElwasonBB · resign |
| 58:16 | BLACK EAGLE · first_building Castle |
[ AI ANALYSIS · 1 CREDIT ]
What really happened in this match?
Wolo.gg analyzes every decision: build order, eco, micro, common mistakes by bracket. Personalized analysis on WhatsApp or Discord in 30 seconds.
Civ guide
Teutons
Perfil
Jugador #19065026